← All builds
Tech / Armada / Economy first / OBSERVED BUILD

Fast fusion

Armada Tech (Eco) build order · Supreme Isthmus

After the standard T2 start, the player pushes out a Fusion Reactor unusually early (from 8:48) to scale energy well ahead of the norm before transitioning into typical Citadel/Armageddon play.

Usually first T2 con to Geo (86%)

#eco #t2 · 84 distinct matches · 29 players · 6% of Armada Tech games · team won 61% of 85 · Recently observed

THE CATCH, AND WHAT COMES WITH IT
  • Fusion ReactorFusion Reactor from 8:49 · 13% of role by thenOnly 13% of Tech games have it by then; others who build it get it around 11:11

Then transitions into anti-nuke (32% of army), Armageddon (9% of army).

HOW TO PLAY IT

Key timing: Fusion Reactor by 9:00

  1. Open Bot Lab into Advanced Bot Lab as the standard T2 rush.
  2. Upgrade mex to Advanced Metal Extractor to grow team metal.
  3. Push Fusion Reactor far earlier than the usual 12:17 norm.
  4. Keep supplying team with T2 cons and Advanced Construction Bots.

Phase by phase

TYPICAL OF ITS 84 GAMES · AGAINST STANDARD TECH
  1. 1
  2. 2
  3. 3
  4. 4
  5. 5
PLAY THE OPENING

Follow the example game's first 9:49 step by step: what to build now, what comes next, and where it goes. At 1× it keeps pace with your own game.

  1. 1

    Up to the Bot Lab

    Economy
    • Metal Extractor3Mex
    • Wind Turbine3Wind
    Order
    1. Bot LabBot Lab after 3 mex, 3 winddone ~1:12, middle half 1:08–1:18

    By 0:55 in all: 3 mex · 3 wind

    The example game in this phase · 3 steps
    1. Mex ×3
    2. Solar ×2
    3. Bot LabBot Labdone 1:08 · typical 1:12
  2. 2

    Bot Lab to Advanced Bot Lab

    Economy
    • Metal Extractor1Mex
    • Wind Turbine9Wind
    • Energy Storage1Energy storage
    Order
    1. Advanced Bot LabAdvanced Bot Lab after 4 mex, 12 wind, 3 con turretdone ~4:12, middle half 4:02–4:23
    Builders
    • Construction Turret3 Con turret
    • Lazarus4 Lazarus
    • Construction Bot1 Con bot
    • Construction Bot1 Con bot for allies

    Some games also: converter (49%)

    By 3:10 in all: 4 mex · 12 wind · 1 energy storage · 3 con turret

    The example game in this phase · 13 steps
    1. Construction BotCon botfor Air
    2. Wind
    3. LazarusLazarus
    4. Wind ×2
    5. LazarusLazarus
    6. Wind
    7. Mex
    8. LazarusLazarus ×2
    9. Construction BotCon bot
    10. Con turret ×3
    11. Energy storage
    12. Wind ×3
    13. Advanced Bot LabAdvanced Bot Labdone 4:28 · typical 4:12
  3. 3

    Advanced Bot Lab to 5:00

    Economy
    • Wind Turbine4Wind
    Builders
    • Advanced Construction Bot1 T2 con bot for allies

    Some games also: converter (46%)

    By 5:00 in all: 4 mex · 17 wind · 3 converter · 1 energy storage · 3 con turret

    The example game in this phase · 9 steps
    1. Converter ×4
    2. Wind ×4
    3. Converter ×3
    4. Wind ×4
    5. Advanced Construction BotT2 con botfor Geo
    6. Wind
    7. SharpshooterSniper botfor Ponddone 5:10
    8. Advanced Metal ExtractorT2 mexdone 5:35 · typical 5:17
    9. Wind
  4. 4

    5:00 to Fusion Reactor

    Economy
    • Wind Turbine33Wind+13 vs standard
    • Energy Converter5Converter+4 vs standard
    Order
    1. Fusion ReactorFusion Reactor after 4 mex, 48 wind, 9 converterdone ~10:07, middle half 9:40–10:32
    Builders
    • Butler8 Butler +3 vs standard
    • Advanced Construction Bot3 T2 con bot for allies
    • Advanced Construction Bot1 T2 con bot

    Some games also: con turret (48%)

    By 8:49 in all: 4 mex · 48 wind (standard 36) · 9 converter (standard 4) · 1 energy storage · 3 con turret

    The example game in this phase · 23 steps
    1. Wind ×2
    2. GunslingerGunslingerfor Ponddone 6:02
    3. Wind ×2
    4. Advanced Construction BotT2 con botfor Air
    5. Wind ×5
    6. Advanced Metal ExtractorT2 mex
    7. Con turret
    8. Advanced Metal ExtractorT2 mex
    9. Advanced Construction BotT2 con bot ×2for Geo sea
    10. ButlerButler ×3
    11. Advanced Metal ExtractorT2 mex
    12. ButlerButler ×5
    13. Wind ×4for Front
    14. Advanced Construction BotT2 con botfor Pond
    15. Wind ×4for Suicide front
    16. Converter
    17. Wind ×3for Front
    18. Advanced Construction BotT2 con bot
    19. Wind ×2for Front
    20. Converter
    21. Wind ×4for Suicide front
    22. Converter
    23. Fusion ReactorFusiondone 10:09 · typical 10:07
  5. 5

    Fusion Reactor to 15:00

    Economy
    • Wind Turbine92Wind−48 vs standard
    • Energy Converter51Converter
    Order
    1. Fusion ReactorFusion after 94 wind, 24 converter, 7 con turretin 62% of games
    2. CitadelAnti-nuke after 95 wind, 29 converter, 8 con turretin 55% of games
    Builders
    • Construction Turret10 Con turret

    Some games also: Aircraft Plant (47%) · Tracer (39%) · Advanced Fusion Reactor (36%) · metal storage (32%) · con aircraft (31%)

    The standard build makes here, this one skips: 5 Butler

    By 15:00 in all: 4 mex · 143 wind · 2 fusion · 60 converter (standard 44) · 1 energy storage · 14 con turret

    The example game in this phase · 142 steps
    1. Wind ×5for Front
    2. Converter
    3. Wind ×2for Suicide front
    4. Wind
    5. Windfor Suicide front
    6. Converter
    7. Wind ×2
    8. Windfor Suicide front
    9. Wind ×3
    10. Converter
    11. Wind ×3
    12. Converter
    13. Wind ×6
    14. Converter
    15. Wind ×4
    16. Converter
    17. Wind ×5
    18. Converter
    19. Wind ×3
    20. Con turret
    21. Wind ×2
    22. Fusion ReactorFusion
    23. Converter
    24. Wind
    25. Con turret
    26. Wind ×3
    27. Converter
    28. Wind ×2
    29. Con turret
    30. Wind ×3
    31. Con turret
    32. Converter
    33. Wind ×4
    34. Converter
    35. Wind ×6
    36. Converter
    37. Wind ×3
    38. TracerTracer
    39. Converter
    40. Wind ×6
    41. Converter
    42. CitadelAnti-nukedone 11:56
    43. Wind ×3
    44. Converter
    45. Wind ×6
    46. Converter
    47. Wind ×4
    48. Converter
    49. Wind ×3
    50. Advanced Bot LabAdvanced Bot Labdone 12:50
    51. Wind ×2
    52. Converter
    53. Wind ×6
    54. Converter
    55. Wind ×4
    56. Converter
    57. Wind ×4
    58. Converter ×2
    59. Wind ×3
    60. Converter
    61. Wind ×2
    62. Converter
    63. BeamerBeamer
    64. Wind ×2
    65. Converter ×2
    66. Wind
    67. BeamerBeamer
    68. Wind ×2
    69. Converter
    70. GhostGhost
    71. Converter
    72. Wind ×2
    73. BeamerBeamer
    74. Wind
    75. Converter
    76. Wind
    77. Converter
    78. Wind ×3
    79. Converter ×2
    80. NettleNettle
    81. Wind ×3
    82. Converter ×2
    83. Wind ×3
    84. Converter
    85. Wind
    86. Converter
    87. NettleNettle
    88. Wind ×2
    89. Converter
    90. Wind
    91. Converter
    92. Wind ×2
    93. Converter
    94. Wind
    95. Converter
    96. BeamerBeamer
    97. Wind ×2
    98. Converter
    99. Wind ×2
    100. SprinterSprinter
    101. Converter
    102. SprinterSprinter ×2
    103. Wind ×2
    104. Converter
    105. SprinterSprinter
    106. Converter
    107. SprinterSprinter
    108. Wind
    109. BeamerBeamer
    110. Wind
    111. SprinterSprinter
    112. Converter
    113. SprinterSprinter
    114. Wind ×2
    115. Converter
    116. SprinterSprinter ×2
    117. Wind ×2
    118. Converter
    119. SprinterSprinter ×2
    120. Wind
    121. Con turret
    122. Converter
    123. Wind
    124. BeamerBeamer
    125. SprinterSprinter
    126. Converter
    127. Con turret
    128. Wind
    129. SprinterSprinter
    130. Wind
    131. Con turret
    132. SprinterSprinter
    133. Converter
    134. Con turret
    135. Wind ×2
    136. SprinterSprinter
    137. Converter
    138. Con turret
    139. Aircraft PlantAircraft Plantnot finished by 15:00
    140. Wind
    141. SprinterSprinter
    142. Wind

Counts are medians over the build's games: half of them build more, half fewer. The example game is Teaner's (52 OS, 30/09/2026); pick another.

Team trades

IN AT LEAST 30% OF ITS GAMES

You hand over

  • Construction Bot1 Con bot to Airfirst at 2:21 · in 86% of games
  • Advanced Construction Bot5 T2 con bot to Pond or Air or Beach seafirst at 4:40 · in 100% of games

You get

  • Hercules1 Light transport from Airfirst at 3:46 · in 85% of games

How it plays out

Typical game of this build against the role’s standard build, running totals by minute

  • This build
  • Standard tech

Metal produced

020k40k
0:005:0010:0015:00

metal

Enemy metal destroyed

0200400
0:005:0010:0015:00

metal

Own metal lost

0100200300
0:005:0010:0015:00

metal

85 games.

Show as table
ByMetal produced: This buildMetal produced: Standard techEnemy metal destroyed: This buildEnemy metal destroyed: Standard techOwn metal lost: This buildOwn metal lost: Standard tech
1:003843830000
2:009179150000
3:00172516420000
4:00326631510000
5:00492448660000
6:00608058080000
7:00780072300000
8:00997790700000
9:0012648112490000
10:0017188135790000
11:0020826164090000
12:0024508199730000
13:0027794237850000
14:0031874275540900104
15:003645731617513230204
WHAT THE NUMBERS SAY

Won far more often than the standard build with a large lead in metal production and near-zero losses.

  • + Team win rate 64% vs 53% for standard build.
  • + Metal produced by 10:00 much higher (16996 vs 13553).
  • − No enemy metal destroyed recorded by 15:00 (0 vs 400 for standard).
  • − Requires strict early Bot Lab and Advanced Metal Extractor timing to reach 9:00 Fusion.
THE EXAMPLE YOU ARE READING

Teaner

51.8 OS · 30/09/2026

Open source match ↗

59 received units · includes a constructor
4106 metal received · 102277 energy received

Allied construction assistance is unknown. Timings are observations, not a promise of solo reproducibility.

Typical milestones

Bot Lab1:12Middle 50%: 1:08–1:18 · n=85
Advanced Bot Lab4:12Middle 50%: 4:02–4:23 · n=85
Advanced Metal Extractor5:17Middle 50%: 4:58–5:35 · n=85
Fusion Reactor10:07Middle 50%: 9:40–10:32 · n=80

Played most by

Teaner22games of this buildSyphos10games of this buildKOT_6games of this build[Grump]Grumpiness5games of this buildCokeado5games of this build